 Dungeon Crawl Stone Soup version 0.22.0-5-gf09313c8f9 (webtiles) character file.

5952 Htamos the Blocker (level 10, -2/96 HPs)
             Began as a Deep Dwarf Fighter on Aug 14, 2018.
             Was a Follower of Makhleb.
             Slain by a yak (8 damage)
             ... on level 10 of the Dungeon.
             The game lasted 00:12:53 (7820 turns).

Htamos the Blocker (Deep Dwarf Fighter)             Turns: 7820, Time: 00:12:54

Health: -2/96      AC: 11    Str: 24    XL:     10   Next: 54%
Magic:  5/5        EV:  7    Int:  8    God:    Makhleb [*.....]
Gold:   513        SH: 12    Dex: 12    Spells: 9/9 levels left

rFire    x . .     SeeInvis .   t - +6 dagger (vamp)
rCold    + . .     Gourm    .   c - +0 shield
rNeg     . . .     Faith    .   B - +0 chain mail
rPois    .         Spirit   .   (no helmet)
rElec    .         Reflect  .   (no cloak)
rCorr    .         Harm     .   (no gloves)
MR       +....                  (no boots)
Stlth    ..........             (no amulet)
HPRegen  0.00/turn              e - ring of ice
MPRegen  0.09/turn              (no ring)

@: non-regenerating, drained
A: damage resistance, heal wounds, sense surroundings 2, no regeneration
a: Heal Wounds, Renounce Religion


You were on level 10 of the Dungeon.
You worshipped Makhleb.
Makhleb was aware of your devotion.
You were hungry.

You visited 2 branches of the dungeon, and saw 11 of its levels.

You collected 513 gold pieces.

Inventory:

Hand Weapons
 a - a +0 war axe
 p - a +1 whip of draining
 t - a +6 vampiric dagger (weapon)
Armour
 b - a +0 scale mail
 c - a +0 shield (worn)
 B - a +0 chain mail (worn)
Jewellery
 e - a ring of ice (left hand)
 r - an uncursed amulet of faith {unknown}
 y - an uncursed ring of ice
 D - an uncursed amulet of guardian spirit {unknown}
 G - a +5 ring of dexterity {unknown}
Wands
 n - a wand of random effects (41)
 C - a wand of polymorph (5)
Scrolls
 g - a scroll of enchant weapon {unknown}
 h - 2 scrolls of magic mapping {unknown}
 j - 5 scrolls of identify {unknown}
 k - 2 scrolls of amnesia {unknown}
 l - 3 scrolls of remove curse {unknown}
 m - 3 scrolls of teleportation {unknown}
 q - 2 scrolls of immolation {unknown}
 v - 2 scrolls of fear {unknown}
 w - 3 scrolls of fog {unknown}
 z - 2 scrolls of enchant armour {unknown}
 E - a scroll of blinking {unknown}
Potions
 d - 2 potions of might
 i - 4 potions of heal wounds
 o - 5 potions of brilliance {unknown}
 s - a potion of ambrosia {unknown}
 u - a potion of flight {unknown}
 x - a potion of invisibility {unknown}
 A - a potion of agility
 F - a potion of degeneration {unknown}
 I - a potion of curing {unknown}
Comestibles
 f - 14 rations
 H - 16 chunks of flesh


   Skills:
 + Level 7.8 Fighting
 + Level 3.6 Short Blades
 - Level 7.7 Axes
 + Level 9.4 Armour
 + Level 9.4(9.3) Shields


You had 9 spell levels left.
You didn't know any spells.
Your spell library contained the following spells:

 Spells                   Type           Power        Failure   Level  Hunger
 Magic Dart               Conj           #...         99%         1    ##.....
 Iskenderun's Mystic Bla  Conj           #.......     100%        4    #####..
 Spider Form              Tmut/Pois      #.........   100%        3    ####...
 Blade Hands              Tmut           #.........   100%        5    ######.
 Ice Form                 Ice/Tmut       #.......     100%        4    #####..
 Sticks to Snakes         Tmut           #.......     100%        2    ###....
 Beastly Appendage        Tmut           #.....       99%         1    ##.....
 Fulminant Prism          Conj/Hex       #.........   100%        4    #####..
 Dazzling Spray           Conj/Hex       #.....       100%        3    ####...
 Force Lance              Conj/Tloc      #.......     100%        4    #####..
 Searing Ray              Conj           #.....       100%        2    ###....


Dungeon Overview and Level Annotations

Branches:
Dungeon (10/15)            Temple (1/1) D:7
   Lair: D:8-11         Orc: D:9-12

Altars:
Ashenzari
Cheibriados
Dithmenos
Elyvilon
Fedhas
Gozag
Hepliaklqana
Kikubaaqudgha
Makhleb
Nemelex Xobeh
Okawaru
Qazlal
Ru
Sif Muna
Trog
Uskayaw
Vehumet
Wu Jian
Xom
Yredelemnul
Zin
The Shining One


Innate Abilities, Weirdness & Mutations

You are resistant to damage.
You can heal yourself by infusing magical energy.
You passively map the area around you.
You do not regenerate.


Message History

You hit the yak but do no damage.
The yak is moderately wounded.
The yak gores you.
* * * LOW HITPOINT WARNING * * *
A bullfrog zombie comes into view.
You hit the yak.
You feel better.
The yak is heavily wounded.
The yak gores you!
* * * LOW HITPOINT WARNING * * *
You hit the yak.
You feel better.
The yak is severely wounded.
The yak gores you!
* * * LOW HITPOINT WARNING * * *
You hit the yak but do no damage.
The yak is severely wounded.
The yak gores you but does no damage.
You closely miss the yak.
The yak is severely wounded.
The yak gores you!
You die...

* ,####.....#####.......## ,
,. , #......................
#.#########.#######.#)......
,,
...................[))..###.
, ,
.....................>......
..........#.##)##...........
*
..........#.##.##.####..###.
.........Y####.##.# #...##.
,
........YZY@...##.####..###.
Y.......Y#####.##....#..# #.
* #####...........#.#.##..#
#. * #...........#.#.##...
.. , #...........#.#....##
#. ,* #...........#.#.##.#
#. *,* #.?.........#.#.##.#
#. , * ..............#.####.
* .........#...........


You could see 4 yaks and a worker ant zombie.

Vanquished Creatures
  A queen bee (D:9)
  Prince Ribbit (D:6)
  5 yaks
  A wyvern (D:9)
  Menkaure (D:7)
  Duvessa (D:4)
  2 sky beasts (D:9)
  3 ice beasts
  3 orc warriors
  A black bear (D:7)
  A phantom (D:9)
  4 ogres
  3 centaurs
  2 big kobolds
  3 bullfrogs
  A wyvern skeleton (D:10)
  Dowan (D:4)
  A water moccasin skeleton (D:8)
  3 scorpions
  14 killer bees (D:9)
  12 wights
  3 howler monkeys
  A quasit (D:5)
  A jelly (D:5)
  2 hounds (D:8)
  A bullfrog skeleton (D:8)
  4 orc priests
  A gnoll shaman (D:9)
  2 iguanas
  Natasha (twice) (D:3)
  12 orc wizards
  5 worker ants
  A killer bee zombie (D:7)
  6 adders
  6 gnolls
  2 shadow imps
  An ooze (D:4)
  An adder zombie (D:8)
  An adder skeleton (D:7)
  2 worms
  A dart slug (D:1)
  2 leopard geckos
  34 orcs
  2 ball pythons (D:4)
  6 giant cockroaches
  6 hobgoblins
  7 jackals
  16 kobolds
  4 quokkas
  7 bats
  5 frilled lizards
  12 goblins
  A jackal skeleton (D:4)
  9 rats
230 creatures vanquished.

Vanquished Creatures (others)
  A ball python (D:3)
1 creature vanquished.

Grand Total: 231 creatures vanquished

Notes
Turn   | Place    | Note
-------+----------+-------------------------------------------
     0 | D:1      | Htamos the Deep Dwarf Fighter began the quest for the Orb.
     0 | D:1      | Reached XP level 1. HP: 20/20 MP: 1/1
   139 | D:1      | Reached XP level 2. HP: 25/27 MP: 2/2
   599 | D:2      | Reached XP level 3. HP: 31/34 MP: 3/3
   631 | D:2      | Found a white marble altar of Elyvilon.
   951 | D:2      | Found a shadowy altar of Dithmenos.
  1006 | D:2      | Reached XP level 4. HP: 32/42 MP: 4/4
  1460 | D:3      | Found a faded altar of an unknown god.
  1596 | D:3      | Reached XP level 5. HP: 3/49 MP: 5/5
  1956 | D:3      | Noticed Natasha
  1967 | D:3      | Killed Natasha
  1967 | D:3      | Reached XP level 6. HP: 44/57 MP: 4/4
  2030 | D:3      | Noticed Natasha
  2042 | D:3      | Killed Natasha
  2181 | D:4      | Reached skill level 5 in Armour
  2267 | D:4      | Reached skill level 5 in Shields
  2332 | D:4      | Noticed Duvessa
  2337 | D:4      | Noticed Dowan
  2350 | D:4      | Killed Duvessa
  2350 | D:4      | Reached XP level 7. HP: 66/66 MP: 5/5
  2369 | D:4      | Killed Dowan
  2598 | D:5      | Entered Level 5 of the Dungeon
  2651 | D:5      | Reached skill level 5 in Axes
  2810 | D:5      | Found a bloodstained altar of Trog.
  3363 | D:6      | Reached skill level 5 in Fighting
  3363 | D:6      | Reached XP level 8. HP: 72/74 MP: 6/6
  3370 | D:6      | Found an ornate altar of the Wu Jian Council.
  3469 | D:6      | Found a snail-covered altar of Cheibriados.
  3526 | D:6      | Found a shimmering altar of Xom.
  3669 | D:6      | Noticed Prince Ribbit
  4022 | D:6      | Killed Prince Ribbit
  4091 | D:6      | Gained mutation: You passively map the area around you. [Deep Dwarf growth]
  4091 | D:6      | Reached XP level 9. HP: 43/82 MP: 6/6
  4254 | D:7      | Noticed Menkaure
  4266 | D:7      | Killed Menkaure
  4356 | D:7      | Found a staircase to the Ecumenical Temple.
  4408 | D:7      | Found a sacrificial altar of Ru.
  4869 | D:7      | Found a deep blue altar of Sif Muna.
  5291 | Temple   | Entered the Ecumenical Temple
  5342 | Temple   | Became a worshipper of Makhleb the Destroyer
  5660 | D:8      | Found a hide-covered altar of Uskayaw.
  5845 | D:8      | Found a hazy altar of Hepliaklqana.
  6612 | D:9      | Reached skill level 1 in Short Blades
  6692 | D:9      | Reached * piety under Makhleb
  6715 | D:9      | Reached XP level 10. HP: 82/94 MP: 5/5
  7515 | D:10     | Entered Level 10 of the Dungeon
  7820 | D:10     | Slain by a yak

Skill      XL: |  1  2  3  4  5  6  7  8  9 10 |
---------------+-------------------------------+-----
Fighting       | 3 4 5 6 7 |  7.8
Axes           | 3 4 5 6 7 |  7.7
Shields        | 4 5 6 7 8 9 |  9.4
Armour         | 4 5 6 7 8 9 |  9.4
Short Blades   | 1 3 |  3.6

Action                   |  1- 3 |  4- 6 |  7- 9 | 10-12 || total
-------------------------+-------+-------+-------+-------++-------
Melee: War axe           |    91 |   249 |    24 |       ||   364
       Dagger            |       |       |   617 |   368 ||   985
 Abil: Heal Wounds       |       |    10 |    12 |     1 ||    23
  Eat: Chunk             |       |     6 |    10 |     4 ||    20
       Ration            |       |       |     4 |       ||     4
Armor: Scale mail        |    44 |   110 |   112 |       ||   266
       Chain mail        |       |       |   105 |   104 ||   209
Dodge: Dodged            |    22 |    77 |   192 |    71 ||   362
Block: Shield            |    50 |   128 |   387 |   192 ||   757
